 Dungeon Crawl Stone Soup version 0.31-a0-743-g45f7035092 (webtiles) character file.

Game seed: 16603710852079303967

935 pokeman the Thaumaturge (level 7, 0/40 HPs)
             Began as a Deep Elf Hedge Wizard on Sept 13, 2023.
             Slain by an orc
             ... wielding a +0 morningstar
              (8 damage)
             ... on level 5 of the Dungeon.
             The game lasted 00:10:15 (6072 turns).

pokeman the Thaumaturge (Deep Elf Hedge Wizard)     Turns: 6072, Time: 00:10:16

Health: 0/40       AC:  4    Str:  7    XL:     7   Next: 87%
Magic:  7/21       EV: 13    Int: 21    God:
Gold:   257        SH:  0    Dex: 14    Spells: 16/24 levels left

rFire   . . .        n - +2 quarterstaff (chaos)
rCold   . . .        (shield currently unavailable)
rNeg    . . .        b - +0 robe
rPois   .            a - +0 helmet
rElec   .            o - +0 cloak
rCorr   +            (no gloves)
SInv    .            (no boots)
Will    .....        (no amulet)
Stlth   ++           p - ring of resist corrosion
HPRegen 0.26/turn    (no ring)
MPRegen 0.17/turn

%: no passive effects
@: very slightly contaminated, slowed, very slow
A: no striking features
a: no special abilities


You were on level 5 of the Dungeon.
You visited 1 branch of the dungeon, and saw 5 of its levels.

You collected 257 gold pieces.

Inventory:

Hand Weapons
 n - a +2 quarterstaff of chaos (weapon)
Armour
 a - a +0 helmet (worn)
 b - a +0 robe (worn)
 o - a +0 cloak (worn)
Jewellery
 p - a ring of resist corrosion (left hand)
Wands
 m - a wand of flame (34)
Scrolls
 e - 2 scrolls of enchant armour {unknown}
 f - a scroll of brand weapon {unknown}
 h - 5 scrolls of identify {unknown}
 i - a scroll of enchant weapon {unknown}
 k - 2 scrolls of revelation {unknown}
Potions
 c - a potion of heal wounds {unknown}
 d - a potion of magic
 g - 3 potions of lignification {unknown}
 j - a potion of brilliance {unknown}
 l - 2 potions of curing {unknown}


   Skills:
 + Level 2.9 Fighting
 - Level 1.0 Armour
 - Level 3.0 Dodging
 - Level 3.0 Stealth
 * Level 9.0 Spellcasting
 + Level 4.7 Conjurations
 - Level 1.1 Summonings
 - Level 1.1 Translocations
 - Level 1.0 Air Magic
 - Level 1.0 Poison Magic
 - Level 1.0 Evocations


You had 16 spell levels left.
You knew the following spells:

 Your Spells              Type           Power      Damage    Failure   Level
a - Magic Dart            Conj           100%       1d8       1%          1
b - Mephitic Cloud        Conj/Pois/Air  19%        N/A       9%          3
c - Call Imp              Summ           28%        N/A       7%          2
d - Blink                 Tloc           28%        N/A       7%          2

Your spell library contained the following spells:

 Spells                   Type           Power      Damage    Failure   Level
 Sting                    Tmut/Pois      44%        1d5       6%          1
 Slow                     Hex            36%        N/A       7%          1
 Poisonous Vapours        Pois/Air       28%        N/A       7%          2
 Cigotuvi's Dreadful Rot  Necr/Pois/Air  24%        N/A       9%          2
 Tukima's Dance           Hex            9%         N/A       22%         3
 Olgreb's Toxic Radiance  Pois           14%        N/A       41%         4
 Passage of Golubria      Tloc           14%        N/A       41%         4
 Yara's Violent Unravell  Hex/Tmut       4%         3d4       89%         5


Dungeon Overview and Level Annotations

Branches:
Dungeon (5/15)
 Temple: D:4-7

Altars:
Dithmenos
Kikubaaqudgha
Ru
Sif Muna
Wu Jian

Annotations:
D:5 exclusion: water moccasin


Message History

The kobold brigand appears confused.
The orc is engulfed in noxious fumes.
The orc appears confused.
The orc barely misses the orc wizard.
The kobold closely misses the kobold brigand.
The kobold barely misses the kobold brigand.
The orc is engulfed in noxious fumes.
The orc appears confused.
The kobold brigand hits the orc wizard with a +0 whip.
The orc wizard is engulfed in noxious fumes.
The orc wizard appears confused.
Things that are here:
a +0 short sword; an orc corpse
Found a scroll labelled GEDO OTU GAO.
You feel sick.
The kobold brigand hits the orc with a +0 whip.
The orc is killed!
The kobold brigand hits itself with a +0 whip!
The orc wizard hits you with a +0 dagger.
The orc hits you with a +0 morningstar!
* * * LOW HITPOINT WARNING * * *
There is an open door, spattered with blood here.
Things that are here:
a +0 dagger; a +0 robe; an orc corpse You feel sick.
The orc barely misses the orc.
The orc hits itself with a +0 flail.
The orc is killed!
Your Spellcasting skill increases to level 9!
Things that are here:
a +0 short sword; an orc corpse Unknown command.
Casting: Mephitic Cloud (dangerous; 9% risk of failure)
Confirm with . or Enter, or press ? or * to list all spells.
Aiming: Magic Dart (safe; 1% risk of failure)
Press: ? - help, Shift-Dir - straight line, f/p - kobold
Aim: a kobold, wielding a +0 short sword (confused, 100% to hit)
The magic dart hits the orc wizard.
You kill the orc wizard!
You feel sick. The orc barely misses you.
Unknown command.
You hit the orc but do no damage.
You feel sick.
You are no longer poisoned.
The orc barely misses you. The orc hits you with a +0 morningstar!
You die...

.......##...######+## .
#......##...##.......
..##......#...%.........
........<.#.............
..........#.............
....?K.)).##...##....).. ...
#..)...##...##.......
..##############o####............
..##.>.....##...@..#....##.......
..#................#....##.......
..#................#######.......
..#................##...##.......
..+.[.............÷......'.......
...#.......##......##...###'#####
##......†..##......##...##.......
##§..####...#......##...##.......
#§...§###.).#......##...##.......


You could see a kobold brigand (confused) and an orc.

Vanquished Creatures
  Eustachio (D:5)
  A black bear (D:5)
  An ogre (D:4)
  A phantom (D:4)
  2 scorpions
  2 howler monkeys (D:4)
  A hound (D:5)
  Crazy Yiuf (D:3)
  An iguana (D:4)
  An orc wizard (D:5)
  Robin (D:4)
  2 gnolls (D:5)
  5 adders
  A worm (D:2)
  2 dart slugs
  3 orcs (D:5)
  3 ball pythons (D:1)
  5 endoplasms
  4 giant cockroaches
  13 goblins
  12 hobgoblins
  8 jackals
  8 kobolds
  2 quokkas
  11 bats
  3 frilled lizards
  6 rats
101 creatures vanquished.

Vanquished Creatures (collateral kills)
  A sleepcap (D:4)
  An iguana (D:5)
2 creatures vanquished.

Vanquished Creatures (others)
  An orc wizard (D:5)
1 creature vanquished.

Grand Total: 104 creatures vanquished

Notes
Turn   | Place    | Note
-------+----------+-------------------------------------------
     0 | D:1      | pokeman the Deep Elf Hedge Wizard began the quest for the
                  | Orb.
     0 | D:1      | Reached XP level 1. HP: 10/10 MP: 7/7
   320 | D:1      | Reached XP level 2. HP: 16/16 MP: 4/9
   433 | D:1      | Found a faded altar of an unknown god.
   999 | D:1      | Reached skill level 5 in Spellcasting
  1209 | D:1      | Reached XP level 3. HP: 20/20 MP: 9/11
  1213 | D:1      | Learned a level 3 spell: Mephitic Cloud
  1216 | D:1      | Learned a level 2 spell: Call Imp
  1219 | D:1      | Learned a level 2 spell: Blink
  1823 | D:2      | Reached skill level 1 in Fighting
  1823 | D:2      | Reached skill level 1 in Armour
  2329 | D:2      | Reached XP level 4. HP: 25/25 MP: 10/13
  2631 | D:2      | Found an ancient bone altar of Kikubaaqudgha.
  3210 | D:3      | Found a runed translucent door.
  3211 | D:3      | Noticed Crazy Yiuf
  3314 | D:3      | Found an ornate altar of the Wu Jian Council.
  3457 | D:3      | Killed Crazy Yiuf
  3709 | D:4      | Reached skill level 6 in Spellcasting
  3709 | D:4      | Reached XP level 5. HP: 29/29 MP: 6/15
  4018 | D:4      | Reached skill level 1 in Air Magic
  4018 | D:4      | Reached skill level 1 in Poison Magic
  4018 | D:4      | Reached skill level 1 in Evocations
  4142 | D:4      | Found a sacrificial altar of Ru.
  4217 | D:4      | Noticed Robin
  4220 | D:4      | Noticed an ogre
  4227 | D:4      | Reached XP level 6. HP: 32/34 MP: 11/17
  4821 | D:4      | Reached skill level 7 in Spellcasting
  5341 | D:4      | Killed Robin
  5342 | D:4      | Reached XP level 7. HP: 36/40 MP: 13/20
  5399 | D:5      | Entered Level 5 of the Dungeon
  5414 | D:5      | Noticed Eustachio
  5449 | D:5      | Killed Eustachio
  5450 | D:5      | Reached skill level 8 in Spellcasting
  5551 | D:5      | Found a shimmering blue altar of Sif Muna.
  5745 | D:5      | Found a shadowy altar of Dithmenos.
  6071 | D:5      | Reached skill level 9 in Spellcasting
  6072 | D:5      | Slain by an orc

Illustrated notes

Levels and vault maps discovered:
D:1:      onia_arrival_mini_maze, layout_basic,
          hellmonk_ecumenical_altar_dog_temple
D:2:      layout_loops_ring, basic_altar
D:3:      layout_basic, nzn_wu_jian_contemplation, uniq_crazy_yiuf_cottage
D:4:      layout_cave_pods, nicolae_ru_awakened_eye, nicolae_the_louvre,
          uniq_robin
D:5:      layout_gridville, nemelex_xobeh_ov_fountains_minmay,
          nicolae_dithmenos_the_darkroom, led_sif_pool, minivault_5,
          uniq_eustachio

Skill      XL: |  1  2  3  4  5  6  7 |
---------------+----------------------+-----
Spellcasting   | 5 6 7 9 |  9.0
Fighting       | 1 2 |  2.9
Armour         | 1 |  1.0
Conjurations   | 2 3 4 |  4.7
Dodging        | 3 |  3.0
Stealth        | 3 |  3.0
Air Magic      | 1 |  1.0
Poison Magic   | 1 |  1.0
Evocations     | 1 |  1.0
Summonings     | |  1.1
Translocations | |  1.1

Action                     |  1- 3 |  4- 6 |  7- 9 || total
---------------------------+-------+-------+-------++-------
  Melee: Dagger            |     4 |       |       ||     4
         Quarterstaff      |       |    20 |    26 ||    46
   Cast: Magic Dart        |   114 |   124 |    19 ||   257
         Mephitic Cloud    |       |     9 |     9 ||    18
         Call Imp          |       |     2 |     2 ||     4
         Blink             |       |     1 |     1 ||     2
   Stab: Confused          |       |     1 |     7 ||     8
 Armour: Robe              |    16 |    22 |    23 ||    61
  Dodge: Dodged            |    29 |    33 |    25 ||    87

Table legend: (Time is in decaauts)
 A = Elapsed time spent in this place.
 B = Non-inter-level travel time spent in this place.
 C = Inter-level travel time spent in this place.
 D = Time resting spent in this place.
 E = Time spent auto-exploring this place.
 F = Levels seen in this place.
 G = Mean time per level.
                   A        B        C        D        E       F      G
               +--------+--------+--------+--------+--------+-----+--------+
         Total |   6090 |   5685 |    405 |    167 |   4763 |   5 | 1218.0 |
       Dungeon |   6090 |   5685 |    405 |    167 |   4763 |   5 | 1218.0 |
               +--------+--------+--------+--------+--------+-----+--------+

Top non-repeatable levels by time:
     D:1: 1676 daAuts
     D:4: 1601 daAuts
     D:2: 1193 daAuts
     D:3: 936 daAuts
     D:5: 683 daAuts
